 Dungeon Sprint DCSS version 0.21-a0-400-g417d9d2 (webtiles) character file.

1258 Amnesiac the Covert (level 8, 52/52 HPs)
             Began as a Demonspawn Earth Elementalist on Oct 20, 2017.
             Was a Believer of Dithmenos.
             Quit the game in the Dungeon (Sprint I: "Red Sonja").
             The game lasted 00:02:56 (577 turns).

Amnesiac the Covert (Demonspawn Earth Elementalist)  Turns: 577, Time: 00:02:57

Health: 52/52      AC:  2    Str:  9    XL:     8   Next: 27%
Magic:  15/15      EV: 12    Int: 18    God:    Dithmenos [**....]
Gold:   366        SH:  0    Dex: 16    Spells: 5/17 levels left

rFire    . . .     SeeInvis .   i - +0 dagger
rCold    . . .     Gourm    .   (no shield)
rNeg     . . .     Faith    .   c - +0 robe
rPois    .         Spirit   .   (no helmet)
rElec    .         Reflect  .   (no cloak)
rCorr    .         Harm     .   (no gloves)
MR       .....     NoTele   +   (no boots)
Stlth    +++++++...             (no amulet)
HPRegen  0.17/turn              (no ring)
MPRegen  0.14/turn              (no ring)

@: wreathed by umbra
A: claws 1, thin skeletal structure 1, powered by death 2
a: Shadow Step, Renounce Religion


You were in the Dungeon.
You worshipped Dithmenos.
Dithmenos was pleased with you.
You were not hungry.

You visited 1 branch You collected 478 gold pieces.
You spent 112 gold pieces at shops.

Inventory:

Hand Weapons
 i - a +0 dagger (weapon)
Missiles
 b - 15 stones (quivered)
Armour
 c - a +0 robe (worn)
Wands
 a - a wand of digging (17/24)
Scrolls
 j - a scroll of blinking {!r}
Potions
 e - a potion of curing {!q}
 f - a potion of heal wounds {!q}
 g - a potion of haste {!q}
 h - 2 potions of magic {!q}
 l - a potion of invisibility {!q}
Books
 k - a book of Geomancy

   Spells                             Type                      Level
   a - Sandblast                      Earth                        1
   b - Passwall                       Transmutation/Earth          2
   c - Stone Arrow                    Conjuration/Earth            3
   d - Petrify                        Transmutation/Earth          4
   e - Lee's Rapid Deconstruction     Earth                        5
Comestibles
 d - a bread ration


   Skills:
 - Level 10.4 Short Blades
 - Level 1.7 Dodging
 + Level 11.2 Stealth
 - Level 5.1 Spellcasting
 - Level 0.8 Transmutations
 - Level 7.4 Earth Magic


You had 5 spell levels left.
You knew the following spells:

 Your Spells              Type           Power        Failure   Level  Hunger
a - Sandblast             Erth           ####..       1%          1    None
b - Passwall              Tmut/Erth      ###.......   3%          2    #......
d - Lee's Rapid Deconstr  Erth           ####......   17%         5    ######.
e - Petrify               Tmut/Erth      ###.....     24%         4    ####...


Dungeon Overview and Level Annotations

Branches:
Dungeon (1/1)

Altars:
Cheibriados
Dithmenos
Elyvilon
Fedhas
Gozag
Hepliaklqana
Kikubaaqudgha
Makhleb
Nemelex Xobeh
Okawaru
Qazlal
Ru
Sif Muna
Trog
Uskayaw
Vehumet
Wu Jian
Xom
Yredelemnul
Zin
The Shining One
Jiyva
Lugonu

Shops:
D !


Innate Abilities, Weirdness & Mutations

You have sharp fingernails.
You have a somewhat thin skeletal structure. (Dex +2, Stealth)
You regenerate health from kills.


Message History

Aiming: Sandblast
Press: ? - help, Shift-Dir - straight line, f - floating eye
Aim: a floating eye (umbra)
The blast of sand hits the floating eye.
The floating eye is severely wounded.
b - 16 stones The floating eye's view fixates on you.
Unknown command.
Casting: Sandblast
Confirm with . or Enter, or press ? or * to list all spells.
Aiming: Sandblast
Press: ? - help, Shift-Dir - straight line, f/p - floating eye
Aim: a floating eye (severely wounded, fully charged, umbra)
The blast of sand hits the floating eye.
You kill the floating eye!
Dithmenos accepts your kill.
You can now step into the shadows of nearby creatures.
Your Stealth skill increases to level 11!
b - 15 stones
Things that are here:
a dagger; a robe; a kobold corpse
Things that are here:
a dagger; a robe You open the door.
There is an open door here.
You open the door.
There is an open door here.
You open the door.
Your magical contamination has completely faded away.
There is an open door here.
You open the door.
A jelly comes into view.
Found a club and 19 gold pieces.
Found an ornate altar of the Wu Jian Council and a deep blue altar of Sif Muna.
There is an open door here.
Found a radiant altar of Vehumet.
You see here a club.
You see here 19 gold pieces.
There is an ornate altar of the Wu Jian Council here.
The helpless jelly fails to defend itself.
You skewer the jelly like a kebab!!!!
You kill the jelly!
Dithmenos accepts your kill.
You now have 343 gold pieces (gained 19).
There is an ornate altar of the Wu Jian Council here.
You open the door.
Found 108 gold pieces.
Found 27 gold pieces.
There is an open door here.
You now have 370 gold pieces (gained 27).
You now have 397 gold pieces (gained 27).
You now have 424 gold pieces (gained 27).
You now have 451 gold pieces (gained 27).
You now have 478 gold pieces (gained 27).
There is an open door here.
As you open the door, it creaks loudly!
There is an open door here.
You see here a yak skeleton.
There is an entrance to Luurig's Distillery here.
Unknown command.
There is an entrance to Luurig's Distillery here.
l - a potion of invisibility {!q} Thank you for shopping at Luurig's Distillery!
Are you sure you want to abandon this character and quit the game? (Confirm with "yes".)

#######################
#<.#..)..#.)+..#__#..'.
#.['..#..+..#..'..'..#.
#..#####'#####'#__####)
#..####..#...#)#### ##
#..#__####..##.#
#..#_____##'#_.+
#⌠⌠#_.@÷..'..._#
####_..__##_.#+#
#..#_____###+#
##########


There were no monsters in sight!

Vanquished Creatures
  2 kobold demonologists (D)
  A slime creature (D)
  Sigmund (D)
  A yak (D)
  A floating eye (D)
  An ogre (D)
  A jelly (D)
  Ijyb (D)
9 creatures vanquished.

Notes
Turn   | Place    | Note
-------+----------+-------------------------------------------
     0 | D        | Amnesiac the Demonspawn Earth Elementalist began the quest for the Orb.
     0 | D        | Reached XP level 1. HP: 13/13 MP: 3/3
     1 | D        | Noticed Ijyb
    30 | D        | Killed Ijyb
    30 | D        | Reached skill level 5 in Earth Magic
    30 | D        | Gained mutation: You regenerate a little health from kills. [demonic ancestry]
    30 | D        | Reached XP level 2. HP: 15/19 MP: 0/6
   166 | D        | Noticed an ogre
   170 | D        | Killed an ogre
   170 | D        | Reached skill level 5 in Spellcasting
   170 | D        | Gained mutation: You have a somewhat thin skeletal structure. (Dex +2, Stealth) [demonic ancestry]
   170 | D        | Reached XP level 3. HP: 24/24 MP: 3/9
   170 | D        | Gained mutation: You regenerate health from kills. [demonic ancestry]
   170 | D        | Reached XP level 4. HP: 30/30 MP: 3/11
   174 | D        | Learned a level 2 spell: Passwall
   179 | D        | Learned a level 4 spell: Petrify
   255 | D        | Found an ancient bone altar of Kikubaaqudgha.
   255 | D        | Found Luurig's Distillery.
   255 | D        | Found a basalt altar of Yredelemnul.
   255 | D        | Found a glowing golden altar of the Shining One.
   255 | D        | Found an iron altar of Okawaru.
   255 | D        | Found a bloodstained altar of Trog.
   255 | D        | Found a hide-covered altar of Uskayaw.
   255 | D        | Found a blossoming altar of Fedhas.
   255 | D        | Found a hazy altar of Hepliaklqana.
   255 | D        | Found a stormy altar of Qazlal.
   255 | D        | Found a shadowy altar of Dithmenos.
   255 | D        | Found a white marble altar of Elyvilon.
   255 | D        | Found a sacrificial altar of Ru.
   255 | D        | Found a glowing silver altar of Zin.
   255 | D        | Found a snail-covered altar of Cheibriados.
   255 | D        | Found an opulent altar of Gozag.
   255 | D        | Found a sparkling altar of Nemelex Xobeh.
   255 | D        | Noticed a yak
   261 | D        | Killed a yak
   261 | D        | Reached XP level 5. HP: 13/35 MP: 5/12
   264 | D        | Became a worshipper of Dithmenos the Shadowed
   422 | D        | Noticed Sigmund
   424 | D        | Killed Sigmund
   424 | D        | Reached skill level 7 in Stealth
   424 | D        | Gained mutation: You have sharp fingernails. [demonic ancestry]
   424 | D        | Reached XP level 6. HP: 41/41 MP: 9/13
   432 | D        | Learned a level 5 spell: Lee's Rapid Deconstruction
   452 | D        | Found a viscous altar of Jiyva.
   452 | D        | Found a corrupted altar of Lugonu.
   452 | D        | Found a burning altar of Makhleb.
   452 | D        | Found a shimmering altar of Xom.
   452 | D        | Noticed a slime creature
   453 | D        | Killed a slime creature
   453 | D        | Reached * piety under Dithmenos
   453 | D        | Reached skill level 8 in Stealth
   453 | D        | Reached XP level 7. HP: 42/46 MP: 6/14
   524 | D        | Noticed a kobold demonologist
   524 | D        | Noticed a kobold demonologist
   524 | D        | Killed a kobold demonologist
   524 | D        | Reached skill level 10 in Stealth
   526 | D        | Killed a kobold demonologist
   526 | D        | Reached skill level 10 in Short Blades
   526 | D        | Reached XP level 8. HP: 52/52 MP: 10/15
   528 | D        | Reached ** piety under Dithmenos
   528 | D        | Reached skill level 11 in Stealth
   543 | D        | Found an ornate altar of the Wu Jian Council.
   543 | D        | Found a deep blue altar of Sif Muna.
   545 | D        | Found a radiant altar of Vehumet.
   577 | D        | Bought a potion of invisibility for 112 gold pieces
   577 | D        | Quit the game

Vault maps used:
D:        dungeon_sprint_1

Skill      XL: |  1  2  3  4  5  6  7  8 |
---------------+-------------------------+-----
Spellcasting   | 3 5 |  5.1
Earth Magic    | 5 7 |  7.4
Short Blades   | 7 8 10 | 10.4
Stealth        | 7 8 10 11 | 11.2
Dodging        | |  1.7
Transmutations | |  0.8

Action                   |  1- 3 |  4- 6 |  7- 9 || total
-------------------------+-------+-------+-------++-------
Melee: Unarmed           |    12 |       |       ||    12
       Dagger            |       |     2 |     3 ||     5
 Cast: Sandblast         |     5 |     7 |     3 ||    15
       Passwall          |       |     7 |     2 ||     9
  Use: Potion            |     1 |       |       ||     1
 Stab: Sleeping          |       |     2 |     3 ||     5
Armor: Robe              |     1 |       |       ||     1
Dodge: Dodged            |     5 |     2 |       ||     7

Table legend:
 A = Spawn XP
 B = Non-spawn XP
 C = Spawn XP percentage of total XP
 D = Spawn monster count
 E = Non-spawn monster count
 F = Spawn count percentage of total count
 G = Total turns spent on level
                    A         B        C        D         E        F      G
               +---------+---------+-------+---------+---------+-------+---------
         Total |       0 |    1798 |   0.0 |       0 |       9 |   0.0 |   577
               +---------+---------+-------+---------+---------+-------+---------
             D |       0 |    1798 |   0.0 |       0 |       9 |   0.0 |   577
               +---------+---------+-------+---------+---------+-------+---------
